 Dungeon Crawl Stone Soup version 0.29.0-11-gd7f09526c8 (webtiles) character file.

Game seed: 18233691332707673064

21 experimilk the Trooper (level 2, 0/37 HPs)
             Began as a Palentonga Fighter on Sept 3, 2022.
             Succumbed to a kobold's poison
             ... on level 1 of the Dungeon.
             The game lasted 00:02:29 (574 turns).

experimilk the Trooper (Palentonga Fighter)          Turns: 574, Time: 00:02:29

Health: 0/37       AC: 21    Str: 21    XL:     2   Next: 62%
Magic:  2/2        EV:  1    Int:  8    God:
Gold:   32         SH: 11    Dex:  9    Spells: 1/1 levels left

rFire   . . .      SeeInvis +   a - +0 war axe
rCold   . . .      Faith    .   f - +0 tower shield
rNeg    . . .      Spirit   .   (body armour currently unavailable)
rPois   +          Reflect  .   (helmet currently unavailable)
rElec   .          Harm     .   (cloak currently unavailable)
rCorr   .          Rampage  .   (gloves currently unavailable)
Will    .....      NoTele   +   (no barding)
Stlth   +.........              (no amulet)
HPRegen 0.12/turn               (no ring)
MPRegen 0.08/turn               (no ring)

@: mighty, lethally poisoned (0 -> -14), tree-form, attractive
A: stationary, stasis, torment immunity, boosted hp, large, rugged brown scales
3, see invisible, (deformed body), (roll 1), (armoured tail)
a: no special abilities


You were on level 1 of the Dungeon.
You were a tree.
You visited 1 branch of the dungeon, and saw 1 of its levels.

You collected 32 gold pieces.

Inventory:

Hand Weapons
 a - a +0 war axe (weapon)
Armour
 b - a +0 scale mail (melded)
 f - a +0 tower shield (worn)
 j - a +0 helmet (melded)
Scrolls
 e - 2 scrolls of identify {unknown}
 i - a scroll of poison {unknown}
Potions
 g - a potion of lignification


   Skills:
 - Level 3.0 Fighting
 * Level 2.7 Axes
 + Level 2.6 Armour
 + Level 2.9 Shields


You had one spell level left.
You didn't know any spells.
Your spell library was empty.

Dungeon Overview and Level Annotations

Branches:
Dungeon (1/15)

Altars:


Innate Abilities, Weirdness & Mutations

You are a tree.
Your roots penetrate the ground, keeping you stationary.
You cannot be teleported.
You are immune to unholy pain and torment.
Your maximum health is greatly increased.
Your equipment is partially melded.
(You are completely covered in rugged brown scales. (AC +3, +7% HP))
You have supernaturally acute eyesight. (SInv)
((Armour fits poorly on your strangely shaped body.))
((You can roll at nearby foes to attack.))
((You have a long armoured tail.))


Message History

You kill the frilled lizard!
A goblin comes into view. It is wielding a +0 dagger.
The goblin shouts!
A kobold comes into view. It is wielding a +2 whip of venom.
You see here a purple potion.
There are monsters nearby!
The kobold shouts!
Roll where?
Press: ? - help, Dir - move target, f - goblin
Aim: a goblin, wielding a +0 dagger You roll forward with a clatter of scales!
You closely miss the goblin.
The kobold throws a stone.
You block the stone. The goblin hits you but does no damage.
The goblin hits you with a +0 dagger.
Unknown command.
You barely miss the goblin. You hit the kobold but do no damage.
The kobold hits you with a +2 whip of venom.
You are poisoned.
The goblin hits you but does no damage.
You closely miss the kobold. You slash the goblin!
You kill the goblin!
You feel very sick.
The kobold hits you with a +2 whip of venom.
You are lethally poisoned!
The kobold hits you with a +2 whip of venom.
* * * LOW HITPOINT WARNING * * *
It was a potion of lignification.
You turn into a tree.
Your +0 helmet melds into your body.
Your +0 scale mail melds into your body.
Your roots penetrate the ground.
* * * LOW HITPOINT WARNING * * *
You feel very sick. The kobold hits you but does no damage.
Unknown command.
It was a potion of attraction.
You feel attractive to monsters.
* * * LOW HITPOINT WARNING * * *
You feel very sick. You block the kobold's attack.
You feel very mighty all of a sudden.
You die...

#### ...# ##'###+## #...#...#
###### #...#.>.# #....####
#...#...# #.......# ## #.<.#.>.#
#..K.##.##### #. #...#...#
#)♣...!....#######.
#...#.>.#......#...##...#........
#...#...##......#..##..#†.######.
##+###+###.#.....#....#...# ##...
...###.###........#..#....###...#
........### ...# ..##..##.##.....
#.#####.# #...##..##..##.......#
.††...#.# ##.....#..#.......####
......#.####.....#....#..........


You could see a kobold.

Vanquished Creatures
  A dart slug (D:1)
  An endoplasm (D:1)
  A giant cockroach (D:1)
  4 goblins (D:1)
  3 hobgoblins (D:1)
  A quokka (D:1)
  A ball python (D:1)
  A bat (D:1)
  A frilled lizard (D:1)
  2 kobolds (D:1)
  A rat (D:1)
17 creatures vanquished.

Notes
Turn   | Place    | Note
-------+----------+-------------------------------------------
     0 | D:1      | experimilk the Palentonga Fighter began the quest for the
                  | Orb.
     0 | D:1      | Reached XP level 1. HP: 19/19 MP: 1/1
   223 | D:1      | Reached XP level 2. HP: 22/25 MP: 2/2
   574 | D:1      | Succumbed to a kobold's poison

Illustrated notes

Levels and vault maps discovered:
D:1:      minmay_arrival_up_and_down, layout_rooms,
          hellmonk_ecumenical_altar_defaced_shrine, minivault_26,
          minmay_pentomino_r4

Action                   || total
-------------------------++-------
Melee: War axe           ||    58
       Tailslap          ||     3
 Abil: Rolling Charge    ||    10
  Use: Potion            ||     3
Armor: Scale mail        ||    30
       Skin              ||     1
Dodge: Dodged            ||    11
Block: Buckler           ||     4
       Tower shield      ||    30
